 Dungeon Crawl Stone Soup version 0.26.0-16-gc1dbca0489 (webtiles) character file.

Game seed: 12549559146491897883

109 kaeus the Skirmisher (level 4, 0/37 HPs)
             Began as a Demonspawn Fighter on Jan 21, 2021.
             Slain by an adder (1 damage)
             ... on level 2 of the Dungeon.
             The game lasted 00:04:08 (2054 turns).

kaeus the Skirmisher (Demonspawn Fighter)           Turns: 2054, Time: 00:04:09

Health: 0/37       AC:  6    Str: 17    XL:     4   Next: 60%
Magic:  13/13      EV:  7    Int: 10    God:
Gold:   98         SH:  9    Dex: 12    Spells: 3/3 levels left

rFire    . . .     SeeInvis .   a - +0 war axe
rCold    . . .     Faith    .   c - +0 kite shield
rNeg     . . .     Spirit   .   o - +0 scale mail
rPois    .         Reflect  .   (no helmet)
rElec    .         Harm     .   (no cloak)
rCorr    .         Rampage  .   (no gloves)
Will     .....                  (no boots)
Stlth    ..........             (no amulet)
HPRegen  0.12/turn              e - ring of magical power
MPRegen  0.13/turn              (no ring)

@: lethally poisoned (0 -> -19)
A: foul stench 1, miasma immunity
a: no special abilities


You were on level 2 of the Dungeon.
You visited 1 branch of the dungeon, and saw 3 of its levels.

You collected 98 gold pieces.

Inventory:

Hand Weapons
 a - a +0 war axe (weapon)
Armour
 c - a +0 kite shield (worn)
 o - a +0 scale mail (worn)
Jewellery
 e - a ring of magical power (left hand)
Scrolls
 f - 2 scrolls of noise
 h - 2 scrolls of identify
Potions
 d - a potion of might
 g - 3 potions of degeneration {unknown}
 i - a potion of heal wounds {unknown}
 k - a potion of curing {unknown}
 l - 2 potions of brilliance {unknown}


   Skills:
 + Level 3.7 Fighting
 + Level 2.6 Axes
 + Level 3.3 Armour
 + Level 3.3 Shields


You had 3 spell levels left.
You didn't know any spells.
Your spell library contained the following spells:

 Spells                   Type           Power        Failure   Level
 Animate Skeleton         Necr           0%           99%         1
 Apportation              Tloc           0%           99%         1
 Corona                   Hex            0%           99%         1
 Summon Small Mammal      Summ           0%           99%         1


Dungeon Overview and Level Annotations

Branches:
Dungeon (3/15)

Altars:
Dithmenos

Annotations:
D:3 Ijyb


Innate Abilities, Weirdness & Mutations

You may emit foul miasma when damaged in melee.
You are immune to miasma.


Message History

The gnoll barely misses you.
You hit the gnoll but do no damage.
The gnoll is almost dead.
You hit the gnoll.
You feel very sick. The gnoll barely misses you. The gnoll closely misses you.
The gnoll hits you but does no damage.
You are more poisoned.
You block the gnoll's attack.
You slash the gnoll!
You kill the gnoll!
You hit the gnoll but do no damage.
You feel sick.
The gnoll hits you from afar with a +0 halberd!
* * * LOW HITPOINT WARNING * * *
The adder barely misses you. The gnoll hits you but does no damage.
The gnoll barely misses you.
You are too injured to fight recklessly!
* * * LOW HITPOINT WARNING * * *
You feel sick. The adder bites you.
You die...

.........# #.# .........#
#.# ....... ....######
#.# ....... ....# #"#
....... ....# #.# .......
##### #.# ....... #######
#####.# g......
......###.....####)......
..............#.@Sg....>#
..............#.#########
..............#.#
##............#.#
#............#.#
#..........#.#.#
#..........#.#.#
#..........#.#.#
###########..#.#


You could see a gnoll and an adder.

Vanquished Creatures
  2 gnolls (D:2)
  2 adders (D:2)
  A dart slug (D:1)
  3 leopard geckos
  6 orcs (D:3)
  4 giant cockroaches
  4 goblins
  5 hobgoblins
  3 jackals (D:1)
  10 kobolds
  A quokka (D:2)
  10 bats
  3 frilled lizards (D:1)
  7 rats
61 creatures vanquished.

Notes
Turn   | Place    | Note
-------+----------+-------------------------------------------
     0 | D:1      | kaeus the Demonspawn Fighter began the quest for the Orb.
     0 | D:1      | Reached XP level 1. HP: 18/18 MP: 1/1
   272 | D:1      | Gained mutation: You are immune to miasma. [demonic
                  | ancestry]
   272 | D:1      | Reached XP level 2. HP: 22/24 MP: 2/2
   800 | D:1      | Gained mutation: You may emit foul miasma when damaged in
                  | melee. [demonic ancestry]
   800 | D:1      | Reached XP level 3. HP: 29/29 MP: 3/3
  1603 | D:2      | You fall into a shaft and drop 1 floor!
  1621 | D:3      | Reached XP level 4. HP: 10/35 MP: 4/4
  1625 | D:3      | Noticed Ijyb
  1997 | D:2      | Found a shadowy altar of Dithmenos.
  2054 | D:2      | HP: 1/37 [poisoned by a gnoll]
  2054 | D:2      | Slain by an adder

Illustrated notes

Levels and vault maps discovered:
D:1:      dpeg_arrival_stonehenge_8_columns, layout_basic, minmay_pentomino_s4
D:2:      layout_basic, glass_columns_c, grunt_dithmenos_smoke
D:3:      wad_crossroads, layout_basic, due_unseen_surprise, uniq_ijyb,
          uniq_natasha

Skill      XL: |  1  2 |
---------------+-------+-----
Axes           | 2 |  2.6
Armour         | 3 |  3.3
Shields        | 3 |  3.3
Fighting       | |  3.7

Action                   |  1- 3 |  4- 6 || total
-------------------------+-------+-------++-------
Melee: War axe           |   133 |    23 ||   156
  Use: Scroll            |     3 |       ||     3
Armor: Scale mail        |    92 |    14 ||   106
Dodge: Dodged            |    48 |    12 ||    60
Block: Kite shield       |    72 |    14 ||    86
